 Dungeon Crawl Stone Soup version 0.21-a0-504-g2eda330 (webtiles) character file.

112 Gwenloh the Changer (level 4, 0/35 HPs)
             Began as a Draconian Transmuter on Nov 25, 2017.
             Slain by an orc
             ... wielding a +1 trident of venom
              (3 damage)
             ... on level 3 of the Dungeon.
             The game lasted 00:09:55 (2758 turns).

Gwenloh the Changer (Draconian Transmuter)          Turns: 2758, Time: 00:09:57

Health: 0/35       AC:  5    Str: 14    XL:     4   Next: 63%
Magic:  5/9        EV: 12    Int: 13    God:
Gold:   110        SH:  0    Dex: 11    Spells: 4/10 levels left

rFire    . . .     SeeInvis .     - Unarmed
rCold    . . .     Gourm    .   (no shield)
rNeg     . . .     Faith    .   (armour unavailable)
rPois    .         Spirit   .   (helmet restricted)
rElec    .         Reflect  .   (no cloak)
rCorr    .         Harm     .   (no gloves)
MR       .....                  (no boots)
Stlth    +.........             (no amulet)
HPRegen  0.11/turn              (no ring)
MPRegen  0.11/turn              (no ring)

@: lethally poisoned (0 -> -5), very slightly contaminated, slowed, very slow
A: unfitting armour, cold-blooded, AC +5
a: no special abilities


You were on level 3 of the Dungeon.
You were not hungry.

You visited 1 branch of the dungeon, and saw 3 of its levels.

You collected 110 gold pieces.

Inventory:

Missiles
 a - 45 arrows
 d - 33 stones (quivered)
 t - 25 bolts
Jewellery
 k - an uncursed ring of positive energy {unknown}
 q - a +2 ring of evasion {unknown}
Scrolls
 e - a scroll of magic mapping {unknown}
 j - 3 scrolls of teleportation {unknown}
 m - 2 scrolls of enchant armour {unknown}
 n - 5 scrolls of blinking {unknown}
 o - 2 scrolls of remove curse {unknown}
 r - 4 scrolls of identify {unknown}
 s - a scroll of fear {unknown}
 u - a scroll of amnesia {unknown}
Potions
 f - a potion of magic {unknown}
 g - a potion of curing {unknown}
 i - a potion of flight {unknown}
 p - a potion of invisibility {unknown}
Books
 b - a book of Changes

   Spells                             Type                      Level
   a - Beastly Appendage              Transmutation                1
   b - Sticks to Snakes               Transmutation                2
   c - Spider Form                    Transmutation/Poison         3
   d - Ice Form                       Ice/Transmutation            4
   e - Blade Hands                    Transmutation                5
Comestibles
 c - 4 bread rations
 h - 2 fruits
 l - 7 chunks of flesh


   Skills:
 - Level 1.1 Fighting
 - Level 1.7 Dodging
 - Level 3.0 Unarmed Combat
 + Level 3.5 Spellcasting
 + Level 3.7 Transmutations


You had 4 spell levels left.
You knew the following spells:

 Your Spells              Type           Power        Failure   Level  Hunger
a - Beastly Appendage     Tmut           ##....       4%          1    #......
b - Sticks to Snakes      Tmut           ##......     7%          2    ##.....
c - Spider Form           Tmut/Pois      #.........   30%         3    ###....


Dungeon Overview and Level Annotations

Branches:
Dungeon (3/15)

Altars:
Okawaru


Innate Abilities, Weirdness & Mutations

Your plain brown scales are hard. (AC +5)
You cannot fit into any form of body armour.
You are cold-blooded and may be slowed by cold attacks.


Message History

The bat misses you.
The orc wizard mumbles some strange words.
The orc wizard blinks!
The orc wizard points at you and mumbles some strange words.
You feel as though you will be slow longer.
The orc hits you but does no damage.
You are lethally poisoned!
* * * LOW HITPOINT WARNING * * *
You feel sick. The bat barely misses you.
The bat hits your water moccasin but does no damage.
The orc misses you.
The orc wizard barely misses your water moccasin.
Your water moccasin misses the orc wizard.
* * * LOW HITPOINT WARNING * * *
You feel sick.
The bat barely misses your water moccasin.
The orc wizard hits your water moccasin but does no damage.
Your water moccasin barely misses the orc wizard.
The orc hits you from afar with a trident of venom.
You die...

#.# ######..#######.#
#[# ##.## #.#
#.#########..# ##'#
#.........##.## #...
#.........##..# #...
#.........###'####...
#...o.....#.....##...
#).....b..#.....##...
#...@So..)#.....##...
#.........).....##...
##........#.###.###+#
#####+#'##.# #..##.#
#....#.# ##.##.#
########### ######.#
#..#.# #.........#
#.# ##.#.#
#.#..|....## #.#
#.#.# #..........#
#.#####.#.#


You could see an orc wizard, an orc, a bat and a friendly water moccasin.

Vanquished Creatures
  An adder (D:2)
  2 worms
  2 dart slugs
  3 leopard geckos
  5 orcs
  2 ball pythons
  5 bats
  5 giant cockroaches
  7 goblins
  8 hobgoblins
  A quokka (D:3)
  6 frilled lizards
  6 kobolds
  8 rats
61 creatures vanquished.

Vanquished Creatures (collateral kills)
  An orc wizard (D:3)
  An adder (D:2)
  A goblin (D:3)
3 creatures vanquished.

Grand Total: 64 creatures vanquished

Notes
Turn   | Place    | Note
-------+----------+-------------------------------------------
     0 | D:1      | Gwenloh the Draconian Transmuter began the quest for the Orb.
     0 | D:1      | Reached XP level 1. HP: 16/16 MP: 3/3
   263 | D:1      | Reached XP level 2. HP: 15/23 MP: 3/5
   367 | D:1      | Learned a level 2 spell: Sticks to Snakes
   839 | D:2      | Reached XP level 3. HP: 17/28 MP: 5/7
  1951 | D:2      | Reached XP level 4. HP: 30/35 MP: 6/8
  1959 | D:2      | Learned a level 3 spell: Spider Form
  2624 | D:3      | Found an iron altar of Okawaru.
  2758 | D:3      | Slain by an orc

Vault maps used:
D:1:      dpeg_arrival_rooms_a, fountainhead
D:3:      amethyst_killhole, minmay_misc_feat_plants, okawaru_gym_becter

Skill      XL: |  1  2  3 |
---------------+----------+-----
Transmutations | 3 |  3.7
Spellcasting   | 3 |  3.5
Fighting       | |  1.1
Dodging        | |  1.7
Unarmed Combat | |  3.0

Action                   |  1- 3 |  4- 6 || total
-------------------------+-------+-------++-------
Melee: Unarmed           |   179 |    86 ||   265
       Headbutt          |    13 |     4 ||    17
       Tailslap          |    14 |    12 ||    26
       Kick              |     9 |     7 ||    16
       Punch             |     1 |     1 ||     2
Throw: Stone             |       |     3 ||     3
 Cast: Beastly Appendage |    28 |     9 ||    37
       Sticks to Snakes  |     2 |     4 ||     6
  Eat: Chunk             |     4 |     3 ||     7
Armor: Skin              |    48 |    30 ||    78
Dodge: Dodged            |   106 |    92 ||   198

Table legend:
 A = Spawn XP
 B = Non-spawn XP
 C = Spawn XP percentage of total XP
 D = Spawn monster count
 E = Non-spawn monster count
 F = Spawn count percentage of total count
 G = Total turns spent on level
                    A         B        C        D         E        F      G
               +---------+---------+-------+---------+---------+-------+---------
         Total |       0 |     160 |   0.0 |       0 |      64 |   0.0 |  2758
               +---------+---------+-------+---------+---------+-------+---------
           D:1 |       0 |      38 |   0.0 |       0 |      22 |   0.0 |   828
           D:2 |       0 |      65 |   0.0 |       0 |      25 |   0.0 |  1480
           D:3 |       0 |      57 |   0.0 |       0 |      17 |   0.0 |   450
               +---------+---------+-------+---------+---------+-------+---------
